 Dungeon Crawl Stone Soup version 0.20.1-1-g8b1a95d (webtiles) character file.

87 Jazqa the Skirmisher (level 4, -4/38 HPs)
             Began as a Formicid Fighter on Oct 31, 2017.
             Slain by Sigmund
             ... wielding a +0 scythe
              (11 damage)
             ... on level 2 of the Dungeon.
             The game lasted 00:03:15 (1078 turns).

Jazqa the Skirmisher (Formicid Fighter)             Turns: 1078, Time: 00:03:16

Health: -4/38      AC:  6    Str: 21    XL:     4   Next: 80%
Magic:  4/4        EV:  7    Int: 12    God:
Gold:   60         SH:  9    Dex: 11    Spells: 3/3 levels left

rFire    + . .     SeeInvis +   a - +0 long sword
rCold    + . .     Gourm    .   c - +0 shield
rNeg     . . .     Faith    .   b - +0 scale mail
rPois    +         Spirit   .   (helmet unavailable)
rElec    +         Reflect  .   (no cloak)
rCorr    +         Harm     .   (no gloves)
MR       .....                  (no boots)
Stlth    ..........             (no amulet)
Regen    0.2/turn               (no ring)
MPRegen  0.1/turn               (no ring)

@: brilliant, resistant, flying
A: permanent stasis, dig shafts and tunnels, four strong arms, antennae 3
a: Dig, Shaft Self


You were on level 2 of the Dungeon.
You were not hungry.

You visited 1 branch of the dungeon, and saw 2 of its levels.

You collected 60 gold pieces.


Innate Abilities, Weirdness & Mutations

You cannot be hasted, slowed, berserked, paralysed or teleported.
You can dig through walls and to a lower floor.
Your four strong arms can wield two-handed weapons with a shield.
You have a pair of large antennae on your head. (SInv)


   Skills:
 + Level 4.6 Fighting
 + Level 3.5 Long Blades
 - Level 3.2 Armour
 - Level 3.6 Shields


You had 3 spell levels left.
You didn't know any spells.

Inventory:

Hand Weapons
 a - a +0 long sword (weapon)
Armour
 b - a +0 scale mail (worn)
 c - a +0 shield (worn)
Scrolls
 e - a scroll of recharging {unknown}
 g - a scroll of enchant armour {unknown}
 k - a scroll of blinking {unknown}
 l - a scroll of remove curse {unknown}
Comestibles
 f - 2 bread rations {@e1}

Dungeon Overview and Level Annotations

Branches:
Dungeon (2/15)

Altars:
Hepliaklqana
The Shining One

Annotations:
D:2 Natasha, Sigmund

##### #...#
###############.@.#
..............$@..#
##########......###
# #......# ####
#...!..##### ...#
#.##......... .#.#
#.##.###..... .#.#
#####.##.# .....
+#.###.รท.......
....


You could see Sigmund (invisible).


Message History

You slash Sigmund!
Sigmund is severely wounded.
You hit Sigmund.
Sigmund is almost dead.
Sigmund points at you and mumbles some strange words.
The magic dart hits you! You block Sigmund's attack.
You hit Sigmund.
Sigmund is almost dead.
You barely miss Sigmund.
Sigmund is almost dead.
Sigmund hits you with a scythe.
* * * LOW HITPOINT WARNING * * *
Unknown command.
You hit Sigmund but do no damage.
Sigmund is almost dead.
Sigmund casts a spell at you. The puff of flame hits you! You resist.
* * * LOW HITPOINT WARNING * * *
You closely miss Sigmund.
Sigmund is almost dead.
Sigmund gestures at you while chanting. The magic dart hits you!
* * * LOW HITPOINT WARNING * * *
Sigmund hits you but does no damage.
You closely miss Sigmund.
Sigmund is almost dead.
You closely miss Sigmund.
Sigmund is almost dead.
Sigmund zaps a wand.
Nothing appears to happen.
Sigmund hits you with a scythe!
You die...

Skill      XL: |  1  2  3 |
---------------+----------+-----
Fighting       | 4 |  4.6
Long Blades    | 3 |  3.5
Armour         | |  3.2
Shields        | |  3.6

Action                   |  1- 3 |  4- 6 || total
-------------------------+-------+-------++-------
Melee: Long sword        |    50 |    34 ||    84
       Unarmed           |       |    10 ||    10
  Use: Potion            |       |     4 ||     4
  Eat: Chunk             |       |     1 ||     1
Armor: Scale mail        |    22 |    17 ||    39
Dodge: Dodged            |    23 |    16 ||    39
Block: Shield            |    33 |    24 ||    57
       Rpst.: Long sword |     6 |     4 ||    10

Vault maps used:
D:1:      minmay_arrival_radiant_lines
D:2:      lemuel_upstairs_altar, nicolae_overflow_hidden_temple,
          overflow_temple_1_default, first_bread, uniq_sigmund, uniq_natasha

Notes
Turn   | Place    | Note
-------+----------+-------------------------------------------
     0 | D:1      | Jazqa the Formicid Fighter began the quest for the Orb.
     0 | D:1      | Reached XP level 1. HP: 18/18 MP: 1/1
   205 | D:1      | Reached XP level 2. HP: 23/24 MP: 2/2
   361 | D:1      | Reached XP level 3. HP: 30/30 MP: 3/3
   538 | D:2      | Noticed Natasha
   550 | D:2      | Killed Natasha
   550 | D:2      | Reached skill level 4 in Fighting
   550 | D:2      | Reached skill level 3 in Long Blades
   743 | D:2      | Reached XP level 4. HP: 37/37 MP: 4/4
   753 | D:2      | Found a glowing golden altar of the Shining One.
   779 | D:2      | Noticed Natasha
   790 | D:2      | Killed Natasha
   794 | D:2      | Found a hazy altar of Hepliaklqana.
  1007 | D:2      | Noticed Natasha
  1040 | D:2      | Noticed Sigmund
  1056 | D:2      | Identified a potion of resistance
  1078 | D:2      | Slain by Sigmund

Vanquished Creatures
  Natasha (twice) (D:2)
  2 oozes
  A worm (D:2)
  A dart slug (D:1)
  2 giant cockroaches (D:1)
  4 goblins
  3 jackals (D:1)
  6 kobolds
  A bat (D:2)
  2 frilled lizards (D:2)
  4 rats
28 creatures vanquished.
